[Event "Early-Titled-Tuesday-Blitz-March-19-2024"]
[Site "Chess.com"]
[Date "2024.03.19"]
[Round "8"]
[White "Barbix1"]
[Black "toninhojit"]
[Result "0-1"]
[WhiteElo "2277"]
[BlackElo "2481"]
[TimeControl "180+1"]
[EndTime "9:29:07 PDT"]
[Termination "toninhojit won on time"]

1. d4 Nf6 2. c4 e6 3. Nf3 c5 4. d5 exd5 5. cxd5 d6 6. Nc3 g6 7.
Nd2 Nbd7 8. e4 Bg7 9. Be2 O-O 10. O-O Re8 11. a4 Ne5 12. Ra3 g5 13. Kh1 Ng6 14. Re1 Nf4 15. Bf1 Bg4 16. f3 Bd7 17. Nc4 Qc7 18. e5 dxe5 19. d6 Qd8 20. Nxe5 N6h5 21. Ng4 Rxe1 22. Qxe1 f5 23. Ne3 Qf8 24. Bc4+ Kh8 25.
Qd1 Re8 26. Nb5 a6 27. Nc7 Rc8 28. Rb3 b5 29. axb5 axb5 30. Bxb5 Qd8 31. Bxd7 Qxd7 32. Rb7 Bd4 33. Nc4 Qf7 34. Qf1 Rd8 35. Qe1 Nd5 36. d7 Rxd7 37. Nxd5 Rxb7 38. Nd6 Qxd5 39. Qe8+ Kg7 40.
Nxb7 Qxb7 41. Qxh5 Qe7 42. h4 Qe1+ 43. Kh2 Qg1+ 44.
Kh3 Qh1+ 45. Kg3 Qxc1 46. Qe8 Qf4+ 47. Kh3 g4+ 0-1

[Event "Early-Titled-Tuesday-Blitz-March-19-2024"]
[Site "Chess.com"]
[Date "2024.03.19"]
[Round "8"]
[White "lamomiajunior"]
[Black "JimDiGrease"]
[Result "1-0"]
[WhiteElo "2747"]
[BlackElo "2967"]
[TimeControl "180+1"]
[EndTime "9:29:09 PDT"]
[Termination "lamomiajunior won by checkmate"]

1. d4 d5 2. c4 e6 3. Nc3 c6 4. Nf3 Nf6 5. Bg5 dxc4 6. e4 b5 7. e5 h6 8. Bh4 g5 9. Nxg5 hxg5 10. Bxg5 Be7 11. exf6 Bxf6 12. Bxf6 Qxf6 13. g3 Na6 14. Bg2 Bb7 15. Nxb5 cxb5 16. Bxb7 Nb4 17. O-O Rd8 18. d5 exd5 19. Qe1+ Qe7 20. Qc3 d4 21. Qf3 Kf8 22.
Rae1 Qd6 23. Re4 d3 24. Rf4 Rd7 25. b3 c3 26. a3 Na2 27. Rf6 Qe5 28. Bc6 Rc7 29.
Bd5 Rh7 30. Rf5 Qd4 31. Be4 Rh6 32. Rd5 Qf6 33. Rf5 Qd4 34. Bxd3 Rd6 35. Bc2 Rdd7 36. Ra1 Qd2 37. Rxa2 Qe1+ 38. Kg2 Rd2 39. Qf4 Re7 40. Qh6+ Ke8 41. Qh8+ Kd7 42. Rf3 b4 43. axb4 Ree2 44. Rxa7+ Kc6 45. Qxc3+ Kd6 46. Qc5+ Ke6 47. Re7# 1-0

[Event "Early-Titled-Tuesday-Blitz-March-19-2024"]
[Site "Chess.com"]
[Date "2024.03.19"]
[Round "8"]
[White "laziestwin"]
[Black "yonaltimur"]
[Result "0-1"]
[WhiteElo "2546"]
[BlackElo "2376"]
[TimeControl "180+1"]
[EndTime "9:29:10 PDT"]
[Termination "yonaltimur won on time"]

1. c4 e5 2. Nc3 Nf6 3. g3 d5 4. cxd5 Nxd5 5. Bg2 Nb6 6. Nf3 Nc6 7. O-O Be7 8. d3 O-O 9. a3 Be6 10. b4 f6 11. b5 Nd4 12. Nxd4 exd4 13. Ne4 Qd7 14.
Qc2 Rfc8 15. Nc5 Bxc5 16. Qxc5 Na4 17. Qb4 Nc3 18. e3 Bd5 19. e4 Be6 20. a4 a5 21.
Qb2 c6 22. Bd2 cxb5 23. axb5 a4 24. b6 Bb3 25. h4 Ne2+ 26. Kh2 Rc2 27. Qxb3+ axb3 28. Rxa8+ Kf7 29. Bb4 b2 30. h5 g6 31. h6 g5 32. Bh3 g4 33. Bg2 Rc1 34. Rf8+ Kg6 35. Rg8+ Kh5 36. f3 b1=Q 37. fxg4+ Qxg4 0-1

[Event "Early-Titled-Tuesday-Blitz-March-19-2024"]
[Site "Chess.com"]
[Date "2024.03.19"]
[Round "8"]
[White "venturov"]
[Black "vasblesk"]
[Result "1-0"]
[WhiteElo "2514"]
[BlackElo "2772"]
[TimeControl "180+1"]
[EndTime "9:29:11 PDT"]
[Termination "venturov won by resignation"]

1. e4 e5 2. Bc4 Nf6 3. d3 c6 4. Nf3 d5 5. Bb3 Bd6 6. Nc3 dxe4 7. Ng5 O-O 8. Ncxe4 Be7 9. Nxf6+ Bxf6 10. Qh5 Bxg5 11.
Bxg5 Qd6 12. O-O-O a5 13. a3 b5 14. Qh4 Re8 15. d4 e4 16. Rhe1 Bf5 17. f3 e3 18.
Bxe3 Nd7 19. Qf4 Qg6 20. g4 Be6 21. Bxe6 Qxe6 22. Kb1 Nb6 23. Bd2 Qd7 24. Rxe8+ Rxe8 25. Bxa5 Nc4 26. Bb4 Re2 27. b3 Nb6 28. Qb8+ Nc8 29.
d5 h5 30. d6 hxg4 31. fxg4 Rxh2 32. Qc7 Qxg4 33. Rd2 Rxd2 34. Bxd2 Qd1+ 35. Kb2 Qxd2 36. Qxc8+ Kh7 37. Qf5+ Kg8 38. Qd3 Qxd3 39. cxd3 Kf8 40. a4 g5 41. a5 g4 42. a6 g3 43. a7 g2 44. a8=Q+ Kg7 45. Qa1 1-0

[Event "Early-Titled-Tuesday-Blitz-March-19-2024"]
[Site "Chess.com"]
[Date "2024.03.19"]
[Round "8"]
[White "ExtremeLearner"]
[Black "Zheenbekov86"]
[Result "0-1"]
[WhiteElo "2562"]
[BlackElo "2469"]
[TimeControl "180+1"]
[EndTime "9:29:11 PDT"]
[Termination "Zheenbekov86 won by resignation"]

1. d4 Nf6 2. c4 g6 3. Nc3 Bg7 4. e4 d6 5. Be2 O-O 6. Be3 e5 7.
d5 a5 8. h4 h5 9. Nf3 Na6 10.
Ng5 Nc5 11. f3 a4 12. g4 b6 13. Rb1 Bd7 14. b4 axb3 15. axb3 Qc8 16. b4 Na4 17. Nxa4 Rxa4 18. Rg1 Ra2 19. Qb3 Rxe2+ 20. Kxe2 hxg4 21. fxg4 Nxg4 22. Rbf1 Nf6 23. Kd3 Nh5 24. b5 f5 25. Ne6 Bxe6 26. dxe6 fxe4+ 27. Kd2 Qxe6 28. Rxf8+ Bxf8 29. Qc2 Qf5 30. Rg5 Qf3 31. Rxg6+ Kh7 32. Rg1 Bh6 33. Re1 Nf4 34. Kc3 Nd3 35. Re2 Bxe3 36. Rg2 Ne1 0-1

[Event "Early-Titled-Tuesday-Blitz-March-19-2024"]
[Site "Chess.com"]
[Date "2024.03.19"]
[Round "8"]
[White "GodzillaChessYoutube"]
[Black "ragnaroek66"]
[Result "1-0"]
[WhiteElo "2670"]
[BlackElo "2535"]
[TimeControl "180+1"]
[EndTime "9:29:16 PDT"]
[Termination "GodzillaChessYoutube won by resignation"]

1. d4 Nf6 2. Bf4 d5 3. e3 e6 4.
Nd2 c5 5. c3 Nc6 6. Ngf3 cxd4 7. exd4 Nh5 8. Bg5 Qc7 9. g3 f6 10. Be3 g6 11. Nh4 Ng7 12. Bg2 Bd6 13. f4 Ne7 14.
O-O O-O 15. Qe2 Bd7 16. Rae1 Rae8 17. Ndf3 a6 18. Rf2 Qa5 19. a3 Qc7 20. Bc1 Bb5 21.
Qd1 Bd7 22. Bh3 Nef5 23. Nxf5 exf5 24. Rfe2 Re4 25. Nd2 Rxe2 26. Rxe2 h5 27. Bg2 Bc6 28. Nf1 Re8 29. Rxe8+ Nxe8 30. Ne3 Qf7 31. Kf2 Nc7 32. a4 h4 33. b3 hxg3+ 34. hxg3 Kg7 35. Bb2 Kg8 36. c4 Bf8 37. Qh1 dxc4 38. Bxc6 bxc6 39. bxc4 Qe6 40. Bc3 g5 41. Qh3 gxf4 42. gxf4 Qe4 43.
Qxf5 Qh1 44. Qg4+ Kh8 45. d5 Qh2+ 46. Kf1 Qh1+ 47. Ke2 Qh2+ 48. Kd3 Qh6 49. Nf5 1-0

[Event "Early-Titled-Tuesday-Blitz-March-19-2024"]
[Site "Chess.com"]
[Date "2024.03.19"]
[Round "8"]
[White "abelmat"]
[Black "Akylbek2021"]
[Result "0-1"]
[WhiteElo "2088"]
[BlackElo "2328"]
[TimeControl "180+1"]
[EndTime "9:29:16 PDT"]
[Termination "Akylbek2021 won on time"]

1. d4 Nf6 2. c4 b6 3. Nf3 Bb7 4. Nc3 e6 5. a3 Ne4 6. Qc2 Nxc3 7.
Qxc3 d6 8. Bg5 Be7 9. Bxe7 Qxe7 10. e3 Nd7 11. Be2 O-O 12. O-O f5 13. Rad1 Nf6 14.
Nd2 Kh8 15. Bf3 Ne4 16. Bxe4 fxe4 17. Qc2 Qh4 18. g3 Qg4 19. c5 Bd5 20. cxd6 cxd6 21. Qc7 Rf6 22. Qxd6 Qh3 23. f4 exf3 24. Rf2 Rc8 25.
e4 Bb7 26. Nxf3 Bxe4 27. Ng5 Qh5 28. Re1 Rxf2 29. Kxf2 Qxh2+ 30. Ke3 Qxg3+ 31. Kxe4 Qxd6 0-1

[Event "Early-Titled-Tuesday-Blitz-March-19-2024"]
[Site "Chess.com"]
[Date "2024.03.19"]
[Round "8"]
[White "Jospem"]
[Black "dropstoneDP"]
[Result "0-1"]
[WhiteElo "3060"]
[BlackElo "3001"]
[TimeControl "180+1"]
[EndTime "9:29:19 PDT"]
[Termination "dropstoneDP won by resignation"]

1. e4 e5 2. Nf3 Nf6 3. Nc3 Nc6 4. h3 Bb4 5. a3 Bxc3 6. dxc3 Nxe4 7. Nxe5 Qe7 8. Nxc6 dxc6 9. Qe2 Bf5 10. g4 Bg6 11. Bg2 O-O-O 12. O-O Rhe8 13. Re1 Qh4 14. Bf4 f5 15. Qf3 fxg4 16. Qxg4+ Qxg4 17. hxg4 Nd6 18. Be5 Re7 19. Bd4 Rde8 20. Rxe7 Rxe7 21. Rc1 Kd7 22. a4 b6 23. b3 c5 24. Be3 Be4 25. Bh3 Kc6 26. c4 h6 27. c3 a5 28. Kh2 g5 29.
Kg3 Kb7 30. Bf1 Bc6 31. Bd3 Be4 32. Be2 Bc6 33. Bd3 Ne4+ 34. Bxe4 Bxe4 35. f4 Bc2 36. Bd2 gxf4+ 37. Bxf4 Bxb3 38. Bxh6 Bxa4 39. Bg5 Rf7 40. Rb1 Bc2 41. Rb2 Bd3 42. Bf4 Bxc4 43. g5 a4 44. Be5 Rf5 45. Bf6 a3 46. Rb1 a2 47.
Ra1 Kc6 48. Bd8 Rf1 0-1

[Event "Early-Titled-Tuesday-Blitz-March-19-2024"]
[Site "Chess.com"]
[Date "2024.03.19"]
[Round "8"]
[White "viktorskliarov"]
[Black "Matibar"]
[Result "1-0"]
[WhiteElo "2606"]
[BlackElo "2756"]
[TimeControl "180+1"]
[EndTime "9:29:19 PDT"]
[Termination "viktorskliarov won on time"]

1. e4 c5 2. Nf3 a6 3. c3 e6 4. d4 d5 5. e5 Bd7 6. Bd3 Bb5 7.
Bxb5+ axb5 8. dxc5 Bxc5 9. O-O b4 10. cxb4 Bxb4 11. Qd4 Nc6 12. Qg4 g6 13. Nc3 h5 14.
Qg3 h4 15. Qg4 h3 16. g3 Be7 17.
Re1 Kf8 18. Be3 Kg7 19. Rad1 Nh6 20. Bxh6+ Rxh6 21. a3 Qb6 22. Rd2 Rh5 23. Ne2 Nxe5 24. Nxe5 Rxe5 25. Red1 Bg5 26. Rc2 Qb3 27. Nd4 Qa4 28.
b3 Qxa3 29. f4 Re4 30. Qxg5 Qb4 31. Nf3 Qb6+ 32. Rf2 Qxb3 33. Rdf1 Qe3 34. Qh4 Rh8 35. Qe7 d4 36. Ng5 Rf8 37. Nxe4 Qxe4 38. Rd1 d3 39. Qd6 Rc8 40. Qxd3 1-0

[Event "Early-Titled-Tuesday-Blitz-March-19-2024"]
[Site "Chess.com"]
[Date "2024.03.19"]
[Round "8"]
[White "Bob_2004"]
[Black "NowInChess"]
[Result "0-1"]
[WhiteElo "2363"]
[BlackElo "2269"]
[TimeControl "180+1"]
[EndTime "9:29:20 PDT"]
[Termination "NowInChess won on time"]

1. d4 Nf6 2. c4 c5 3. d5 b5 4. cxb5 a6 5. Nc3 g6 6. e4 d6 7. Bd2 Bg7 8. a4 O-O 9. Nf3 Nbd7 10. Be2 axb5 11. axb5 Rxa1 12. Qxa1 Nb6 13. Qa7 Bg4 14. O-O Nfd7 15. Ra1 Qa8 16. h3 Bxf3 17. Bxf3 Qxa7 18. Rxa7 Ra8 19. Rxa8+ Nxa8 20. b3 Nc7 21. Be2 Nb6 22. Na4 Nd7 23. Ba5 Ne8 24. b6 Bd4 25. Bb5 Nef6 26. b7 c4 27. bxc4 Ba7 28. e5 Nxe5 29. Bc7 Ned7 30. Nb6 Nxb6 31. Bxb6 Bb8 32. Bc6 Ne4 33.
f3 Nc5 34. Kf2 Nd3+ 35. Ke3 Ne5 36. Kd4 Kf8 37. c5 f5 0-1

[Event "Early-Titled-Tuesday-Blitz-March-19-2024"]
[Site "Chess.com"]
[Date "2024.03.19"]
[Round "8"]
[White "hell3raiser"]
[Black "cristiano78"]
[Result "0-1"]
[WhiteElo "2345"]
[BlackElo "2251"]
[TimeControl "180+1"]
[EndTime "9:29:20 PDT"]
[Termination "cristiano78 won by resignation"]

1. e4 c5 2. b3 d6 3. Bb5+ Nd7 4. Bb2 a6 5. Bxd7+ Bxd7 6. f4 Bc6 7. d3 Nf6 8. Nf3 g6 9. O-O Bg7 10. Nc3 O-O 11. Qe2 b5 12. Rae1 b4 13. Nd1 Re8 14. e5 Nd5 15. e6 f5 16. Bxg7 Kxg7 17. Ng5 Qb6 18. Qf2 h6 19. Nf7 Nc7 20. Qh4 Nxe6 21. Nxh6 Bd7 22. Ne3 Nd4 23. Nd5 Qd8 24. Nxe7 Rh8 25. Nhxf5+ Bxf5 26. Qf2 Ra7 27. Nxf5+ Nxf5 28. Re6 Re7 29. Rfe1 Rhe8 30. Rxe7+ Rxe7 31. Rf1 Qe8 32. g4 Nd4 33. f5 Re2 34. f6+ Kf7 35. Qf4 Qe5 36.
Qxe5 dxe5 37. g5 Rxc2 38. h4 Ne2+ 39. Kf2 Nf4+ 40. Kf3 Rxa2 41. Re1 Nxd3 42. Rd1 Rh2 43. Ke3 Rxh4 44. Kxd3 Rg4 45. Ke3 Rxg5 46. Ke4 Kxf6 47.
Rd6+ Kg7 48. Rxa6 Rg3 49. Kxe5 Rxb3 50. Rc6 Rc3 51. Rc7+ Kh6 52. Kf6 b3 53. Rc8 Kh5 54.
Rh8+ Kg4 55. Kxg6 b2 56. Rb8 Rc2 57. Kf6 c4 58. Ke5 c3 59. Kd4 Rc1 60. Rb4 Kf3 61. Kd3 b1=Q+ 62. Rxb1 Rxb1 63. Kxc3 Ke3 0-1

[Event "Early-Titled-Tuesday-Blitz-March-19-2024"]
[Site "Chess.com"]
[Date "2024.03.19"]
[Round "8"]
[White "PeshkaCh"]
[Black "wonderfultime"]
[Result "1/2-1/2"]
[WhiteElo "2850"]
[BlackElo "3064"]
[TimeControl "180+1"]
[EndTime "9:29:21 PDT"]
[Termination "Game drawn by repetition"]

1. Nf3 d5 2. d4 Nf6 3. c4 c6 4. e3 Bf5 5. Bd3 Bg6 6. O-O e6 7. Qc2 Nbd7 8. Nbd2 Be7 9. e4 dxe4 10. Nxe4 O-O 11. b3 a5 12. a4 Qb6 13. Re1 Rfd8 14. Rb1 Qc7 15. Bg5 Re8 16. Bh4 Bxe4 17. Bxe4 Rad8 18.
Bd3 Nf8 19. Rbd1 Ng6 20. Bg3 Bd6 21. Bxg6 hxg6 22. Ne5 Nh5 23. Bh4 Be7 24. Bxe7 Qxe7 25. g3 Nf6 26. Qc3 Qc7 27. Nd3 Rd6 28. Nf4 Red8 29.
h4 Qd7 30. Qxa5 Rxd4 31. Rxd4 Qxd4 32. Re3 Ng4 33. Rf3 e5 34. Nh3 f6 35. Kg2 Kh7 36. Qc7 Rd7 37. Qc8 Qd1 38. Ng5+ fxg5 39. Rf8 Ne3+ 40. Kh2 Ng4+ 41. Kg2 Ne3+ 42. Kh2 Ng4+ 43. Kg2 1/2-1/2

[Event "Early-Titled-Tuesday-Blitz-March-19-2024"]
[Site "Chess.com"]
[Date "2024.03.19"]
[Round "8"]
[White "Iskusnyh"]
[Black "KhazhatulyAlikhan"]
[Result "1-0"]
[WhiteElo "2644"]
[BlackElo "2472"]
[TimeControl "180+1"]
[EndTime "9:29:22 PDT"]
[Termination "Iskusnyh won on time"]

1. d4 d5 2. c4 e6 3. Nf3 Nf6 4. g3 Be7 5. Bg2 O-O 6. O-O dxc4 7. Na3 Bxa3 8. bxa3 Nbd7 9. a4 a5 10. Ba3 Nb6 11.
Bxf8 Qxf8 12. Ne5 Nfd7 13. Ng4 Qa3 14. Ne3 c3 15. Qb3 Qb4 16. Nc2 Qc4 17. e3 Nf6 18. Rfd1 Nfd5 19. e4 Nb4 20. Ne3 Qc6 21. d5 exd5 22. exd5 Qxa4 23. Qxc3 Na6 24. d6 cxd6 25. Rxd6 Nd7 26. Nf5 Nf6 27. Ne7+ Kf8 28. Nxc8 Qe8 29. Nb6 Nb4 30. Nxa8 b5 31. Re1 Qb8 32. Qc5 Kg8 33.
Rb6 1-0

[Event "Early-Titled-Tuesday-Blitz-March-19-2024"]
[Site "Chess.com"]
[Date "2024.03.19"]
[Round "8"]
[White "Preobrazhenska_D2011"]
[Black "angelgab3"]
[Result "1-0"]
[WhiteElo "2484"]
[BlackElo "2643"]
[TimeControl "180+1"]
[EndTime "9:29:22 PDT"]
[Termination "Preobrazhenska_D2011 won on time"]

1. e4 e5 2. Nf3 Nc6 3. Bb5 a6 4.
Ba4 Nf6 5. O-O Nxe4 6. d4 Be7 7. dxe5 Nc5 8. Bb3 Nxb3 9. axb3 O-O 10. Nc3 d6 11. Bf4 Nxe5 12. Nxe5 dxe5 13. Bxe5 Bf5 14.
Qf3 Bxc2 15. Nd5 Bd6 16. Bxg7 Kxg7 17. Qc3+ f6 18. Qxc2 Bxh2+ 19. Kxh2 Qxd5 20. Qxc7+ Rf7 21. Qg3+ Kh8 22. Rfd1 Qh5+ 23. Kg1 Rg8 24. Qh2 Qf3 25. Rd8 Qxb3 26. Rad1 Rg7 27. Rxg8+ Rxg8 28. Re1 Qxb2 29.
Qd6 Qc3 30. Rf1 Qf3 31. g3 a5 32. Re1 a4 33. Re3 Qf5 34. Re7 Rc8 35. Qd2 1-0

[Event "Early-Titled-Tuesday-Blitz-March-19-2024"]
[Site "Chess.com"]
[Date "2024.03.19"]
[Round "8"]
[White "Arteler"]
[Black "RebecaJimnz"]
[Result "1-0"]
[WhiteElo "2383"]
[BlackElo "2247"]
[TimeControl "180+1"]
[EndTime "9:29:22 PDT"]
[Termination "Arteler won on time"]

1. Nf3 d5 2. c4 c6 3. Nc3 Nf6 4. d4 e6 5. Bg5 Nbd7 6. e3 Be7 7. cxd5 exd5 8. Bd3 O-O 9. h3 h6 10. Bh4 Ne4 11.
Bxe7 Qxe7 12. Qc2 f5 13. O-O Ndf6 14. a3 g5 15. Bxe4 fxe4 16. Ne5 Kg7 17. Ne2 Bf5 18.
Ng3 Bg6 19. Qe2 Nd7 20. Nxg6 Kxg6 21. Qh5+ Kg7 22. Qg4 Qf7 23. h4 Nf6 24. Nf5+ Kh7 25. Qh3 g4 26. Qh2 Qg6 27. Ng3 h5 28. Rac1 Rf7 29.
Kh1 Raf8 30. Ne2 Ne8 31. Nf4 Qf5 32. g3 Nc7 33. b4 a6 34. Qg2 Kg8 35. Rc2 Kh7 36.
Rfc1 Kh6 37. Qf1 Rf6 38. a4 R6f7 39. Rc5 Qf6 40. b5 axb5 41. axb5 1-0

[Event "Early-Titled-Tuesday-Blitz-March-19-2024"]
[Site "Chess.com"]
[Date "2024.03.19"]
[Round "8"]
[White "DvaHrasta"]
[Black "AlexPapasimakopoulos"]
[Result "0-1"]
[WhiteElo "2495"]
[BlackElo "2759"]
[TimeControl "180+1"]
[EndTime "9:29:25 PDT"]
[Termination "AlexPapasimakopoulos won on time"]

1. c4 e6 2. g3 d5 3. d4 Bb4+ 4. Nc3 Nf6 5. Qa4+ Nc6 6. Bg5 O-O 7. Nf3 Bd7 8. Rc1 a5 9. Bxf6 Qxf6 10. cxd5 exd5 11.
Qd1 Bg4 12. Bg2 Bxf3 13. Bxf3 Nxd4 14. O-O Nxf3+ 15. exf3 c6 16. Kg2 Rfe8 17. Qb3 Re7 18. a3 Bxc3 19. Rxc3 a4 20. Qb6 Rd7 21. Re1 Qd8 22.
Qd4 h6 23. Rce3 Qf6 24. Qd3 Qg6 25. Qd4 Qd6 26. Re8+ Rxe8 27. Rxe8+ Kh7 28. Qxa4 d4 29. h4 Qd5 30. g4 h5 31. Qa8 hxg4 32. Rh8+ Kg6 33.
h5+ Kf6 34. h6 Qxf3+ 35. Kg1 g3 36. fxg3 Qxg3+ 37. Kh1 Qh4+ 38. Kg1 gxh6 39. Qf8 Qg5+ 40. Kf2 Ke5 41. Rxh6 Re7 42. Qh8+ Ke4 43. Rh4+ Kd3 44. Qxd4+ Kc2 0-1

[Event "Early-Titled-Tuesday-Blitz-March-19-2024"]
[Site "Chess.com"]
[Date "2024.03.19"]
[Round "8"]
[White "Louis-Paulsen-Fan"]
[Black "ajeale2"]
[Result "0-1"]
[WhiteElo "2274"]
[BlackElo "2448"]
[TimeControl "180+1"]
[EndTime "9:29:26 PDT"]
[Termination "ajeale2 won by resignation"]

1. d4 g6 2. Nf3 Bg7 3. c4 Nf6 4. Nc3 d6 5. e4 O-O 6. Be2 Nc6 7. O-O e5 8. d5 Ne7 9. Ne1 Ne8 10. f3 f5 11. g4 Nf6 12. Nd3 Bd7 13.
Be3 b6 14. h3 f4 15. Bf2 g5 16.
b4 h5 17. Kg2 Kf7 18. c5 Rh8 19. Rh1 Ng6 20. Nb2 Nh4+ 21. Bxh4 gxh4 22. cxd6 cxd6 23.
Nc4 Qe7 24. a4 Rac8 25. Nb5 Bxb5 26. axb5 hxg4 27. hxg4 h3+ 28. Kh2 Ne8 29. Ra2 Rc7 30. Qd2 Bf6 31. Rha1 Bh4 32. Ra3 Bf2 33. Qd1 Qh4 34.
Qf1 Rxc4 35. Rxa7+ Rc7 36. Rxc7+ Nxc7 37. Ra7 Qg3+ 38.
Kh1 Rc8 39. Rb7 Kg6 40. Ra7 Bd4 41. Rb7 h2 42. Ra7 Qg1+ 0-1

[Event "Early-Titled-Tuesday-Blitz-March-19-2024"]
[Site "Chess.com"]
[Date "2024.03.19"]
[Round "8"]
[White "cthulhuuu"]
[Black "Witik"]
[Result "0-1"]
[WhiteElo "2403"]
[BlackElo "2757"]
[TimeControl "180+1"]
[EndTime "9:29:28 PDT"]
[Termination "Witik won on time"]

1. e4 e5 2. Nf3 Nc6 3. Bb5 a6 4.
Bxc6 dxc6 5. O-O f6 6. d4 exd4 7. Nxd4 c5 8. Nb3 Qxd1 9. Rxd1 Bg4 10. f3 Be6 11. Bf4 c4 12. Na5 Bc5+ 13. Kf1 b5 14. Nc3 Ne7 15. a4 Bb6 16. axb5 axb5 17. Nb7 Rxa1 18.
Rxa1 Kd7 19. Rd1+ Kc8 20. Nd6+ cxd6 21. Rxd6 Ng6 22. Rxe6 Ba5 23. Bg3 b4 24. Nd5 Kb7 25. h4 h5 26. Rd6 b3 27. cxb3 cxb3 28. Rd7+ Kc6 29. Rxg7 Ne5 30. Nxf6 Nc4 31. Rg6 Nxb2 32. Nxh5+ Kb5 33. Be5 Rxh5 34. Bxb2 Rxh4 35. Rg5+ Ka4 36. e5 Rh1+ 37. Kf2 Rb1 38. Bd4 Rd1 39. Bb2 Rd2+ 40.
Kg3 Rxb2 41. Kf4 Re2 42. Kf5 b2 0-1

[Event "Early-Titled-Tuesday-Blitz-March-19-2024"]
[Site "Chess.com"]
[Date "2024.03.19"]
[Round "8"]
[White "CSB7"]
[Black "MKlose11"]
[Result "0-1"]
[WhiteElo "2758"]
[BlackElo "2608"]
[TimeControl "180+1"]
[EndTime "9:29:29 PDT"]
[Termination "MKlose11 won by resignation"]

1. d4 Nf6 2. c4 c5 3. d5 b5 4.
Qc2 g6 5. e4 bxc4 6. Bxc4 d6 7.
Nf3 Bg7 8. O-O O-O 9. Nc3 Ba6 10. Nb5 Nfd7 11. Bg5 Nb6 12. Be2 Re8 13. Rac1 Qc8 14. e5 Nxd5 15. Rfd1 Nb4 16. Qa4 dxe5 17. a3 N4c6 18. Rxc5 Qb7 19. Rdc1 h6 20. Be3 e4 21.
Nfd4 Nxd4 22. Bxd4 Bxd4 23. Qxd4 Qb6 24. Qxe4 Bb7 25.
Qe3 Na6 26. R5c3 Qxe3 27. fxe3 Be4 28. Rc4 Bb7 29. Ra4 Red8 30. Nd4 Rd6 31. Kf2 Rad8 32.
Rc2 Kg7 33. Nb5 Rf6+ 34. Ke1 Rd5 35. Nxa7 Rg5 36. g3 h5 37. h4 Rxg3 38. Bxa6 Bxa6 39.
Rf4 Rxe3+ 40. Kd2 Re2+ 41. Kd1 Rxf4 42. Rxe2 Bxe2+ 43. Kxe2 Rxh4 0-1

[Event "Early-Titled-Tuesday-Blitz-March-19-2024"]
[Site "Chess.com"]
[Date "2024.03.19"]
[Round "8"]
[White "Joachim100x"]
[Black "Daaksboy"]
[Result "1-0"]
[WhiteElo "2499"]
[BlackElo "2053"]
[TimeControl "180+1"]
[EndTime "9:29:29 PDT"]
[Termination "Joachim100x won on time"]

1. e4 c5 2. Nf3 d6 3. d4 cxd4 4. Nxd4 Nf6 5. Nc3 a6 6. f4 e5 7.
Nf3 Qc7 8. Bd3 Nbd7 9. O-O Be7 10. a4 O-O 11. Kh1 b6 12. fxe5 dxe5 13. Qe1 Bb7 14. Qg3 Kh8 15. Bg5 Rad8 16. Rae1 h6 17. Qh3 Nc5 18. Nh4 Bc8 19. Nf5 Bxf5 20. Rxf5 Nxd3 21. cxd3 Nh7 22. Bxe7 Qxe7 23. Nd5 Qe6 24. Qg3 Rxd5 25. exd5 Qxf5 26. h3 Nf6 27. Rxe5 Qf1+ 28. Kh2 Rc8 29. Qe3 Rc1 30. d6 Rc2 31. Qg3 Rc1 32. Qe3 Qh1+ 33.
Kg3 Rc2 34. Qf3 Qg1 35. d7 Nh5+ 36. Rxh5 Rxg2+ 37. Qxg2 Qe3+ 38. Kh2 Qf4+ 39. Kg1 Qc1+ 40. Qf1 Qe3+ 41. Qf2 Qxd3 42. Rf5 Qd1+ 43. Kg2 Qxd7 44. Rxf7 Qd5+ 45. Rf3 Qg5+ 46. Kh2 Qe5+ 47. Qg3 Qe2+ 48.
Rf2 Qe7 49. Qf4 1-0

[Event "Early-Titled-Tuesday-Blitz-March-19-2024"]
[Site "Chess.com"]
[Date "2024.03.19"]
[Round "8"]
[White "BallottiLuca"]
[Black "Pumpkin_in_moonlight"]
[Result "1-0"]
[WhiteElo "2372"]
[BlackElo "2231"]
[TimeControl "180+1"]
[EndTime "9:29:29 PDT"]
[Termination "BallottiLuca won on time"]

1. Nf3 c5 2. g3 Nc6 3. Bg2 d5 4. O-O Nf6 5. c4 e6 6. cxd5 exd5 7. Nc3 Be7 8. b3 h6 9. Bb2 Be6 10. Rc1 O-O 11. Qc2 Rc8 12. Qb1 Qd7 13. Rfd1 d4 14. Na4 Bf5 15. d3 b6 16. Ba3 Nd5 17. Qa1 Rfe8 18.
Nd2 Bf8 19. Re1 h5 20. h4 Bh3 21. Ne4 Bxg2 22. Kxg2 Qg4 23. Rc2 Nf4+ 24. Kg1 Be7 25. Qc1 Ng6 26. f3 Qh3 27. e3 Nce5 28. Qd1 dxe3 29.
Rh2 Qd7 30. Rxe3 Bd8 31. Nac3 Nc6 32. Bb2 Nd4 33. Qe1 Bc7 34. Rg2 Rcd8 35. Kf2 f5 36. Nd2 f4 37. Rxe8+ Rxe8 38. Nce4 fxg3+ 39. Kg1 Nf4 40. Rxg3 Qf7 41. Bxd4 Nxd3 42. Nf6+ Kh8 43. Qxe8+ Qxe8 44. Nxe8 Bxg3 45. Bxg7+ Kg8 46. Bf6 Kf7 47. Ne4 Bf4 48.
Ng7 1-0

[Event "Early-Titled-Tuesday-Blitz-March-19-2024"]
[Site "Chess.com"]
[Date "2024.03.19"]
[Round "8"]
[White "Hikaru"]
[Black "GM_dmitrij"]
[Result "1-0"]
[WhiteElo "3285"]
[BlackElo "3089"]
[TimeControl "180+1"]
[EndTime "9:29:30 PDT"]
[Termination "Hikaru won by checkmate"]

1. Nf3 d5 2. e3 c5 3. b3 Nc6 4.
Bb5 f6 5. c4 d4 6. b4 e5 7. bxc5 Bxc5 8. Nxd4 Bxd4 9. exd4 Qxd4 10. O-O Ne7 11. Ba3 O-O 12. Nc3 Rf7 13. Ba4 a6 14. Nd5 Bg4 15. Qb3 Nxd5 16. cxd5 Na5 17. Qb4 Nc4 18. Rfc1 b5 19. Bb3 Nxd2 20. d6 Nxb3 21.
Qxb3 Rd8 22. Bb4 g5 23. a4 Bd7 24. a5 Kg7 25. Ra2 Qg4 26. Rac2 Be6 27. Qa3 Bd5 28.
f3 Bxf3 29. h3 Qd4+ 30. Rf2 Bd5 31. Rc7 Rdd7 32. Rc8 e4 33. Bc3 Qd3 34. Qb2 Rxd6 35. Rd2 Qe3+ 36. Kh1 Qf4 37. Rf2 Qe3 38. Bd4 Qd3 39. Rf5 e3 40. Rxg5+ Kh6 41. Rg3 Qd1+ 42. Kh2 e2 43. Be3+ Kh5 44. Qb4 Bc4 45. Rxc4 bxc4 46. Qxc4 Rd4 47. Qxf7+ Kh4 48. Qxh7# 1-0

[Event "Early-Titled-Tuesday-Blitz-March-19-2024"]
[Site "Chess.com"]
[Date "2024.03.19"]
[Round "8"]
[White "HamedWafa4"]
[Black "GMBenjaminBok"]
[Result "1/2-1/2"]
[WhiteElo "2828"]
[BlackElo "2962"]
[TimeControl "180+1"]
[EndTime "9:29:30 PDT"]
[Termination "Game drawn by repetition"]

1. e4 c5 2. Nf3 d6 3. Bb5+ Nd7 4. O-O a6 5. Be2 Ngf6 6. d3 g6 7. c4 Bg7 8. Nc3 O-O 9. d4 e6 10. h3 b6 11. Re1 cxd4 12. Nxd4 Bb7 13. Bf1 Qe7 14.
Qb3 Rfd8 15. Bg5 h6 16. Bd2 Nxe4 17. Nxe4 Bxd4 18. Bxh6 Bxe4 19. Rxe4 Nc5 20. Qxb6 Rab8 21.
Qxb8 Rxb8 22. Rxd4 e5 23. Rd2 g5 24. h4 f6 25. hxg5 fxg5 26. Rad1 Rd8 27. b4 Ne4 28. Rd3 Qf6 29. Bxg5 Nxg5 30. c5 e4 31. Rd5 Rf8 32. cxd6 Qxf2+ 33. Kh1 Qh4+ 34. Kg1 Qf2+ 35. Kh1 Qh4+ 36.
Kg1 Nf3+ 37. gxf3 Qg3+ 38. Kh1 exf3 39. R1d3 Qh4+ 40. Kg1 Qg3+ 41. Kh1 Kf7 42. Rf5+ Kg7 43. Rxf8 Kxf8 44. d7 Qh4+ 45. Kg1 Qg3+ 46. Kh1 Qh4+ 47. Kg1 Qg3+ 48. Kh1 1/2-1/2

[Event "Early-Titled-Tuesday-Blitz-March-19-2024"]
[Site "Chess.com"]
[Date "2024.03.19"]
[Round "8"]
[White "Golubovsky"]
[Black "ZenBull"]
[Result "1-0"]
[WhiteElo "2503"]
[BlackElo "2289"]
[TimeControl "180+1"]
[EndTime "9:29:30 PDT"]
[Termination "Golubovsky won on time"]

1. e4 d6 2. d4 Nf6 3. Nc3 e5 4. Nf3 Nbd7 5. Bc4 Be7 6. a4 c6 7.
O-O O-O 8. Re1 a5 9. h3 exd4 10.
Nxd4 Nb6 11. Ba2 Nfd7 12. Nf5 Nc5 13. Nxe7+ Qxe7 14. Bf4 Rd8 15. Qf3 Be6 16. e5 d5 17.
Qg3 Qf8 18. Bg5 Re8 19. Qh4 Na6 20. Re3 Kh8 21. Rg3 Nb4 22. Bf6 Nd7 23. Rxg7 Qxg7 24. Bxg7+ Kxg7 25. Re1 Rad8 26. Re3 Bf5 27. Rg3+ Bg6 28.
f4 Kh8 29. Bb3 Nxc2 30. f5 Bxf5 31. Qg5 Bg6 32. Bxc2 Nxe5 33. Bxg6 Nxg6 34. h4 d4 35. Ne4 Rd5 36. Qf6+ Kg8 37. h5 Rxh5 38. Ng5 Rf8 39. Rf3 Rxg5 40. Qxg5 d3 41. Rxd3 Re8 42.
Qf6 1-0